 Dungeon Crawl Stone Soup version 0.32-a0-868-g153ae1a8d6 (webtiles) character file.

Game seed: 16032829865680837101

16950 epen the Carver (level 12, -3/81 (97) HPs)
             Began as a Gnoll Chaos Knight on Mar 28, 2024.
             Was a Plaything of Xom.
             Slain by a sun moth (9 damage)
             ... on level 10 of the Dungeon.
             The game lasted 00:22:10 (8530 turns).

epen the Carver (Gnoll Chaos Knight)                Turns: 8530, Time: 00:22:10

HP:   -3/81 (97)    AC: 11    Str: 16    XL:     12   Next: 42%
MP:   23/23         EV: 16    Int: 23    God:    Xom [......]
Gold: 495           SH:  0    Dex: 20    Spells: 25/25 levels left

rFire   . . .        G - +7 short sword "Ykho" {heavy, rN+ SInv Stlth+}
rCold   . . .        (no shield)
rNeg    + . .        D - +4 robe of Augmentation {Str+4 Int+4 Dex+4}
rPois   .            (helmet restricted)
rElec   .            l - +0 cloak
rCorr   .            e - +0 pair of gloves of Fijuk {Int+7}
SInv    +            h - +0 pair of boots
Will    .....        f - amulet of faith
Stlth   ++           (no ring)
HPRegen 0.33/turn    (no ring)
MPRegen 0.18/turn

%: clarity, faith
@: on fire, about to teleport, glowing, studying Invocations, heavily drained
A: fangs 1, strong nose, distributed training, antennae 1, clarity, mutation
resistance 2, wild magic 2, inability to drink after injury 2, MP-powered wands
a: Renounce Religion


You were on level 10 of the Dungeon.
You worshipped Xom.
You were a very special plaything of Xom.
You visited 1 branch of the dungeon, and saw 10 of its levels.
You also visited: Sewer and Bailey.

You collected 495 gold pieces.

Inventory:

Hand Weapons
 a - a +1 falchion of flaming
 q - the +5 hand axe "Reemo" {heavy, rElec rC- rCorr Stlth+}
   (You found it on level 6 of the Dungeon)

   rC-:       It makes you vulnerable to cold.
   rElec:     It insulates you from electricity.
   rCorr:     It protects you from acid and corrosion.
   Stlth+:    It makes you more stealthy.
 u - the +5 lajatang "Gyxi Kewn" {venom, rF++ rC+ Str-5}
   (You acquired it in a bailey)

   Str-5:     It affects your strength (-5).
   rF++:      It greatly protects you from fire.
   rC+:       It protects you from cold.
 G - the +7 short sword "Ykho" (weapon) {heavy, rN+ SInv Stlth+}
   (You took it off an orc priest on level 9 of the Dungeon)

   rN+:       It protects you from negative energy.
   SInv:      It lets you see invisible.
   Stlth+:    It makes you more stealthy.
Missiles
 y - 2 throwing nets (quivered)
Armour
 b - a +3 leather armour
 e - the +0 pair of gloves of Fijuk (worn) {Int+7}
   (You found it on level 4 of the Dungeon)

   Int+7:     It affects your intelligence (+7).
 h - a +0 pair of boots (worn)
 l - a +0 cloak (worn)
 s - the +2 robe of Vawext {Will+ Regen+ Int-3}
   (You found it on level 6 of the Dungeon)

   Int-3:     It affects your intelligence (-3).
   Will+:     It increases your willpower.
   Regen+:    It increases your rate of health regeneration.
 D - the +4 robe of Augmentation (worn) {Str+4 Int+4 Dex+4}
   (You found it on level 8 of the Dungeon)

   Str+4:     It affects your strength (+4).
   Int+4:     It affects your intelligence (+4).
   Dex+4:     It affects your dexterity (+4).
Jewellery
 d - an amulet of magic regeneration
 f - an amulet of faith (around neck)
 o - the amulet "Igaur" {Faith rPois Int+3 Slay-6 Stlth-}
   (You found it on level 3 of the Dungeon)

   [amulet of faith]

   Faith:     It allows you to gain divine favour quickly.
   Int+3:     It affects your intelligence (+3).
   Slay-6:    It affects your accuracy & damage with ranged weapons and melee
   (-6).
   rPois:     It protects you from poison.
   Stlth-:    It makes you less stealthy.
 p - a +6 ring of dexterity
Wands
 w - a wand of iceblast (1)
 E - a wand of charming (6)
Scrolls
 c - a scroll of enchant armour
 i - a scroll of fog
 k - 2 scrolls of vulnerability
 x - a scroll of fear
 F - a scroll of identify
Potions
 g - 4 potions of brilliance
 n - 2 potions of curing
 r - 2 potions of cancellation
 t - 2 potions of attraction
 v - a potion of berserk rage
 z - a potion of degeneration
 A - a potion of haste
 B - a potion of mutation
 C - a potion of ambrosia


   Skills:
 + Level 10.0 Fighting
 + Level 7.4 Short Blades
 + Level 10.0 Long Blades
 + Level 7.4 Axes
 + Level 7.4 Maces & Flails
 + Level 7.4 Polearms
 + Level 7.4 Staves
 + Level 7.4 Ranged Weapons
 + Level 7.4 Throwing
 + Level 8.8 Armour
 + Level 7.9 Dodging
 + Level 7.4 Stealth
 + Level 7.4 Shields
 + Level 7.4 Unarmed Combat
 + Level 7.4 Spellcasting
 + Level 6.1 Conjurations
 + Level 6.1 Hexes
 + Level 6.1 Summonings
 + Level 6.1 Necromancy
 + Level 6.1 Translocations
 + Level 6.1 Fire Magic
 + Level 6.1 Ice Magic
 + Level 6.1 Air Magic
 + Level 6.1 Earth Magic
 + Level 6.1 Alchemy
 + Level 8.4 Invocations
 + Level 7.4 Evocations
 + Level 6.7 Shapeshifting


You had 25 spell levels left.
You didn't know any spells.
Your spell library was empty.

Dungeon Overview and Level Annotations

Branches:
Dungeon (10/15)            Temple (0/1) D:5           Sewer (visited)
 Bailey (visited)
   Lair: D:8-11         Orc: D:9-12

Altars:
Ashenzari
Cheibriados
Dithmenos
Elyvilon
Fedhas
Nemelex Xobeh
The Shining One

Shops:
D:4 (


Innate Abilities, Weirdness & Mutations

You have very sharp teeth.
Your uncanny sense of smell can sniff out nearby items.
Your experience applies equally to all skills.
You have a pair of small antennae on your head.
You possess an exceptional clarity of mind.
You are somewhat resistant to both further mutation and mutation removal.
Your spells are harder to cast, but more powerful.
You sometimes lose the ability to drink potions when taking damage.
You expend magic power (3 MP) to strengthen your wands.


Message History

"Hum-dee-hum-dee-hum..."
The yak evaporates and reforms as a sun moth!
The gnoll closely misses you. The gnoll misses you.
The gnoll barely misses you.
You closely miss the sun moth. You bite the sun moth.
The sun moth is lightly wounded.
The gnoll misses you. x2; The gnoll barely misses you.
The sun moth bites you but does no damage.
The gnoll misses you.
The gnoll hits you from afar with a +0 halberd!
You see here a +0 spear.
The sun moth attacks as it pursues you! The sun moth misses you.
The gnoll completely misses you. The gnoll closely misses you.
The sun moth swoops through the air toward you!
The sun moth closely misses you.
You barely miss the sun moth. The sun moth closely misses you.
The gnoll barely misses you. The gnoll misses you.
You closely miss the sun moth. Your bite misses the sun moth.
The sun moth bites you! The gnoll misses you.
The gnoll hits you from afar with a +0 halberd!
* * * LOW HITPOINT WARNING * * *
The gnoll closely misses you.
Press: ? - help, v - describe, . - travel
Here: a sun moth The floor.
Unknown command.
You feel better.
The sun moth's wings beat fiercely.
The flurry of pyrophoric scales hits you.
You are covered in intense liquid fire!
The gnoll hits you with a +0 club.
* * * LOW HITPOINT WARNING * * *
The gnoll closely misses you. The gnoll barely misses you.
As you read the scroll of teleportation, it crumbles to dust.
You feel strangely unstable. The liquid fire burns you!
* * * LOW HITPOINT WARNING * * *
The sun moth bites you!
You die...
Xom guffaws!

.......... .. )........
..#######...)#
..#.....#....# .#
#####.#.....#....# .# .
#...#.# ...'....# ..#..
#...#.# .'....# ..'.
#...#.#######g.$.#.?.#
#...#.....y@gg...#...# #
#...#..######....'...#.#
#...'..# #.o).#####)#∆
+...#..# #....$.....#
#...#..# +..........#
.#####..# #..........#
........######......)...#
..................††....#
....########............#


You could see a sun moth, an orc warrior and 3 gnolls.

Vanquished Creatures
  2 two-headed ogres
  An orc knight (Bailey)
  2 orc sorcerers (Bailey)
  A gargoyle (D:9)
  Grinder (D:6)
  A culicivora (D:2)
  Eustachio (D:6)
  A basilisk (D:8)
  A steam dragon (D:9)
  2 yaks (D:10)
  A water moccasin (D:8)
  12 orc warriors
  3 ice beasts
  A centaur (D:7)
  2 phantoms (D:6)
  3 kobold brigands
  2 bullfrogs (Sewer)
  A gnoll sergeant (D:10)
  4 scorpions
  6 wights (D:8)
  2 killer bees (D:8)
  5 electric eels (Bailey)
  A howler monkey (D:9)
  A bombardier beetle (D:3)
  A hound (D:4)
  A gnoll bouda (D:6)
  5 orc priests
  3 iguanas
  A sleepcap (D:8)
  Natasha (D:4)
  9 orc wizards
  11 gnolls
  7 adders
  A river rat (D:1)
  2 ribbon worms
  8 dart slugs (Sewer)
  34 orcs
  7 ball pythons
  4 endoplasms
  17 giant cockroaches
  20 goblins
  14 hobgoblins
  8 jackals
  5 quokkas
  5 bats
  14 frilled lizards
  25 kobolds
  8 rats
268 creatures vanquished.

Vanquished Creatures (collateral kills)
  A two-headed ogre (D:7)
  Pikel (D:4)
  An ugly thing (D:8)
  A yak (D:8)
  A sky beast (D:8)
  2 centaurs (D:8)
  2 lemures (D:4)
  2 wights (D:8)
  3 killer bees (D:8)
  A jelly (D:8)
  A gnoll bouda (D:7)
  Natasha (D:4)
  A gnoll (D:6)
  An endoplasm (D:1)
  2 goblins
21 creatures vanquished.

Vanquished Creatures (others)
  A dancing weapon (D:7)
  2 jackals (D:4)
3 creatures vanquished.

Grand Total: 292 creatures vanquished

Notes
Turn   | Place    | Note
-------+----------+-------------------------------------------
     0 | D:1      | epen the Gnoll Chaos Knight began the quest for the Orb.
     0 | D:1      | Reached XP level 1. HP: 23/23 MP: 1/1
    30 | D:1      | Reached XP level 2. HP: 27/29 MP: 2/2
   452 | D:1      | Reached XP level 3. HP: 34/35 MP: 3/3
   494 | D:1      | Found a faded altar of an unknown god.
   738 | D:1      | XOM: polymorph ball python -> river rat
   741 | D:1      | Reached skill level 1 in Invocations
   805 | D:1      | Reached skill level 1 in Short Blades
   805 | D:1      | Reached skill level 1 in Axes
   805 | D:1      | Reached skill level 1 in Maces & Flails
   805 | D:1      | Reached skill level 1 in Polearms
   805 | D:1      | Reached skill level 1 in Staves
   805 | D:1      | Reached skill level 1 in Ranged Weapons
   805 | D:1      | Reached skill level 1 in Throwing
   805 | D:1      | Reached skill level 1 in Stealth
   805 | D:1      | Reached skill level 1 in Shields
   805 | D:1      | Reached skill level 1 in Unarmed Combat
   805 | D:1      | Reached skill level 1 in Spellcasting
   805 | D:1      | Reached skill level 1 in Evocations
   948 | D:1      | XOM: draining
   951 | D:1      | XOM: give mutation
   951 | D:1      | Gained mutation: You expend magic power (3 MP) to
                  | strengthen your wands. [Xom's grace]
  1140 | D:2      | Reached skill level 1 in Shapeshifting
  1140 | D:2      | Reached XP level 4. HP: 36/37 MP: 5/5
  1239 | D:2      | Reached skill level 1 in Conjurations
  1239 | D:2      | Reached skill level 1 in Hexes
  1239 | D:2      | Reached skill level 1 in Summonings
  1239 | D:2      | Reached skill level 1 in Necromancy
  1239 | D:2      | Reached skill level 1 in Translocations
  1239 | D:2      | Reached skill level 1 in Fire Magic
  1239 | D:2      | Reached skill level 1 in Ice Magic
  1239 | D:2      | Reached skill level 1 in Air Magic
  1239 | D:2      | Reached skill level 1 in Earth Magic
  1239 | D:2      | Reached skill level 1 in Alchemy
  1260 | D:2      | a ribbon worm changed into a culicivora
  1260 | D:2      | Noticed a culicivora
  1260 | D:2      | XOM: polymorph ribbon worm -> culicivora
  1264 | D:2      | XOM: butterfly on damage
  1274 | D:2      | XOM: cast spell 'Summon Horrible Things'
  1277 | D:2      | Killed a culicivora
  1278 | D:2      | Reached XP level 5. HP: 10/47 MP: 5/7
  1278 | D:2      | Reached XP level 6. HP: 12/53 MP: 5/8
  1283 | D:2      | XOM: cloud trail
  1308 | D:2      | XOM: 4-stop teleportation journey
  1698 | D:3      | Found a sparkling altar of Nemelex Xobeh.
  1699 | D:3      | Found a snail-covered altar of Cheibriados.
  1699 | D:3      | Found a shadowy altar of Dithmenos.
  1876 | D:3      | Reached skill level 5 in Armour
  1956 | D:3      | XOM: 8-stop teleportation journey
  1997 | D:3      | XOM: give mutations
  1997 | D:3      | Gained mutation: You are strong-willed. (Will+) [Xom's
                  | mischief]
  1997 | D:3      | Gained mutation: You occasionally lose the ability to drink
                  | potions when taking damage. [Xom's mischief]
  2343 | D:3      | Identified the amulet "Igaur" {Faith rPois Int+3 Slay-6
                  | Stlth-}
  2447 | D:4      | XOM: summons 2 hostile demons
  2448 | D:4      | Noticed a chaos spawn
  2458 | D:4      | a lemure changed into an efreet
  2458 | D:4      | Noticed an efreet
  2458 | D:4      | XOM: polymorph lemure -> efreet
  2529 | D:4      | XOM: 1-stop teleportation journey
  2538 | D:4      | Found Cegor's Weapon Boutique.
  2542 | D:4      | XOM: silly message
  2606 | D:4      | Noticed Natasha
  2606 | D:4      | XOM: divination: magic mapping
  2613 | D:4      | Killed Natasha
  2642 | D:4      | XOM: silly message
  2647 | D:4      | XOM: divine lightning
  2715 | D:3      | XOM: give mutation
  2715 | D:3      | Gained mutation: Your spells are a little harder to cast,
                  | but a little more powerful. [Xom's grace]
  2942 | D:4      | Noticed Pikel
  2946 | D:4      | Noticed Natasha
  2947 | D:4      | XOM: cast spell 'Metabolic Englaciation'
  2949 | D:4      | XOM: fog
  2953 | D:4      | Killed Natasha
  2954 | D:4      | Reached XP level 7. HP: 57/60 MP: 10/10
  2959 | D:4      | Killed Pikel
  2960 | D:4      | Reached XP level 8. HP: 52/67 MP: 10/12
  3013 | D:4      | Identified the +0 pair of gloves of Fijuk {Int+7}
  3043 | D:5      | Entered Level 5 of the Dungeon
  3051 | D:5      | Found a staircase to the Ecumenical Temple.
  3079 | D:5      | XOM: polymorph hound -> rat
  3150 | D:5      | XOM: enchant monster (good)
  3222 | D:5      | You fall into a shaft and drop 1 floor!
  3267 | D:6      | Identified the +5 hand axe "Reemo" {heavy, rElec rC- rCorr
                  | Stlth+}
  3342 | D:6      | Identified the +2 robe of Vawext {Will+ Regen+ Int-3}
  3429 | D:6      | Found a glowing drain.
  3433 | Sewer    | Entered a sewer
  3637 | Sewer    | XOM: polymorph bullfrog -> bullfrog
  3638 | Sewer    | XOM: noise
  3643 | Sewer    | XOM: god gift: flux talisman
  3644 | Sewer    | XOM: summons friendly crimson imp
  3731 | D:6      | Noticed Eustachio
  3745 | D:6      | Killed Eustachio
  3751 | D:6      | XOM: cast spell 'Summon Small Mammal'
  3759 | D:6      | Reached XP level 9. HP: 51/73 MP: 14/14
  3821 | D:6      | XOM: give mutations
  3821 | D:6      | Gained mutation: You possess an exceptional clarity of
                  | mind. [Xom's grace]
  3821 | D:6      | Gained mutation: You passively map a small area around you.
                  | [Xom's grace]
  3844 | D:6      | XOM: cloud trail
  3850 | D:6      | Noticed Grinder
  3860 | D:6      | Killed Grinder
  4056 | D:6      | Reached skill level 5 in Dodging
  4127 | D:7      | Found a glowing golden altar of the Shining One.
  4127 | D:7      | XOM: silly message
  4264 | D:7      | Noticed a two-headed ogre
  4287 | D:7      | XOM: polymorph kobold brigand -> goblin
  4361 | D:7      | XOM: polymorph kobold -> orc
  4380 | D:7      | XOM: summons 2 friendly demons
  4393 | D:7      | XOM: summons 9 friendly demons
  4393 | D:7      | XOM: butterfly on damage
  4399 | D:7      | Killed a two-headed ogre
  4400 | D:7      | Reached skill level 5 in Invocations
  4460 | D:7      | XOM: cloud trail
  4558 | D:7      | XOM: 3-stop teleportation journey
  4646 | D:7      | XOM: give mutations
  4646 | D:7      | Gained mutation: Your mind is acute. (Int +4, Str/Dex -1)
                  | [Xom's grace]
  4646 | D:7      | Gained mutation: You are somewhat resistant to further
                  | mutation. [Xom's grace]
  4646 | D:7      | Gained mutation: Your spells are harder to cast, but more
                  | powerful. [Xom's grace]
  4708 | D:7      | XOM: give mutation
  4708 | D:7      | Gained mutation: You are somewhat resistant to both further
                  | mutation and mutation removal. [Xom's mischief]
  4931 | D:8      | XOM: cast spell 'Iskenderun's Battlesphere'
  4932 | D:8      | Reached skill level 5 in Short Blades
  4932 | D:8      | Reached skill level 5 in Axes
  4932 | D:8      | Reached skill level 5 in Maces & Flails
  4932 | D:8      | Reached skill level 5 in Polearms
  4932 | D:8      | Reached skill level 5 in Staves
  4932 | D:8      | Reached skill level 5 in Ranged Weapons
  4932 | D:8      | Reached skill level 5 in Throwing
  4932 | D:8      | Reached skill level 5 in Stealth
  4932 | D:8      | Reached skill level 5 in Shields
  4932 | D:8      | Reached skill level 5 in Unarmed Combat
  4932 | D:8      | Reached skill level 5 in Spellcasting
  4932 | D:8      | Reached skill level 5 in Evocations
  4932 | D:8      | Reached XP level 10. HP: 81/81 MP: 10/17
  4932 | D:8      | Noticed a brown ugly thing
  4938 | D:8      | XOM: summons 9 friendly demons
  4947 | D:8      | Killed a brown ugly thing
  4981 | D:8      | Reached skill level 5 in Shapeshifting
  4989 | D:8      | XOM: divination: detect creatures
  5034 | D:8      | XOM: give mutation
  5034 | D:8      | Gained mutation: You have supernaturally acute eyesight.
                  | (SInv) [Xom's grace]
  5125 | D:8      | Noticed a two-headed ogre
  5129 | D:8      | XOM: god gift: sapphire potion {god gift}
  5130 | D:8      | XOM: confuse monster(s)
  5134 | D:8      | Killed a two-headed ogre
  5258 | D:8      | Found a broken altar of Ashenzari.
  5258 | D:8      | Found a blossoming altar of Fedhas.
  5259 | D:8      | Found a white marble altar of Elyvilon.
  5295 | D:8      | Found the +4 robe of Augmentation {Str+4 Int+4 Dex+4}
  5349 | D:8      | XOM: 2-stop teleportation journey
  5473 | D:8      | XOM: cloud trail
  5637 | D:9      | XOM: stealth player
  5689 | D:9      | XOM: noise
  5915 | D:9      | XOM: noise
  6151 | D:9      | Identified the +7 short sword "Ykho" {heavy, rN+ SInv
                  | Stlth+}
  6185 | D:9      | Found a flagged portal.
  6187 | D:9      | Noticed a gargoyle
  6194 | D:9      | Killed a gargoyle
  6205 | Bailey   | Entered a bailey
  6314 | Bailey   | Reached skill level 5 in Conjurations
  6314 | Bailey   | Reached skill level 5 in Hexes
  6314 | Bailey   | Reached skill level 5 in Summonings
  6314 | Bailey   | Reached skill level 5 in Necromancy
  6314 | Bailey   | Reached skill level 5 in Translocations
  6314 | Bailey   | Reached skill level 5 in Fire Magic
  6314 | Bailey   | Reached skill level 5 in Ice Magic
  6314 | Bailey   | Reached skill level 5 in Air Magic
  6314 | Bailey   | Reached skill level 5 in Earth Magic
  6314 | Bailey   | Reached skill level 5 in Alchemy
  6399 | Bailey   | Reached XP level 11. HP: 48/89 MP: 20/20
  6435 | Bailey   | XOM: draining
  6679 | Bailey   | Noticed an orc sorcerer
  6685 | Bailey   | Noticed a soul eater
  6685 | Bailey   | Killed an orc sorcerer
  6729 | Bailey   | Found an iron altar of Okawaru.
  6729 | Bailey   | Noticed an orc sorcerer
  6740 | Bailey   | Killed an orc sorcerer
  6817 | Bailey   | XOM: give mutations
  6817 | Bailey   | Lost mutation: Your mind is acute. (Int +4, Str/Dex -1)
                  | [Xom's mischief]
  6817 | Bailey   | Lost mutation: You passively map a small area around you.
                  | [Xom's mischief]
  6817 | Bailey   | Lost mutation: You have supernaturally acute eyesight.
                  | (SInv) [Xom's mischief]
  6905 | Bailey   | Noticed an orc knight
  6916 | Bailey   | Reached XP level 12. HP: 77/97 MP: 20/22
  6922 | Bailey   | Identified a scroll of acquirement
  6922 | Bailey   | Acquired a manual of Invocations
  6938 | Bailey   | XOM: 2-stop teleportation journey
  6939 | Bailey   | XOM: scenery: summon butterflies
  6945 | Bailey   | XOM: swap monsters
  7116 | Bailey   | XOM: 7-stop teleportation journey
  7243 | Bailey   | Acquired the +5 lajatang "Gyxi Kewn" {venom, rF++ rC+
                  | Str-5}
  7637 | Bailey   | XOM: give mutation
  7637 | Bailey   | Lost mutation: You are strong-willed. (Will+) [Xom's
                  | mischief]
  7746 | D:9      | XOM: 7-stop teleportation journey
  7822 | D:9      | XOM: summons 3 hostile demons
  7855 | D:9      | XOM: noise
  7991 | D:9      | XOM: draining
  8110 | D:9      | XOM: draining
  8256 | D:9      | XOM: give mutations
  8256 | D:9      | Gained mutation: You are partially covered in iridescent
                  | scales. (AC +2) [Xom's mischief]
  8256 | D:9      | Gained mutation: You have a pair of small antennae on your
                  | head. [Xom's mischief]
  8256 | D:9      | Lost mutation: You are partially covered in iridescent
                  | scales. (AC +2) [Xom's mischief]
  8256 | D:9      | Gained mutation: You sometimes lose the ability to drink
                  | potions when taking damage. [Xom's mischief]
  8278 | D:10     | Entered Level 10 of the Dungeon
  8319 | D:10     | Noticed a two-headed ogre
  8327 | D:10     | Killed a two-headed ogre
  8492 | D:10     | Reached skill level 10 in Fighting
  8492 | D:10     | Reached skill level 10 in Long Blades
  8522 | D:10     | XOM: polymorph yak -> sun moth
  8530 | D:10     | Slain by a sun moth

Illustrated notes

Levels and vault maps discovered:
D:1:      ebering_hopf_link, layout_loops_corners,
          shapermc_ecumenical_altar_venn, minmay_pentomino_z4
D:2:      layout_rooms
D:3:      layout_basic, grunt_temple_overflow_open,
          nicolae_elevator_lobby_asterisk
D:4:      layout_cave_pools, serial_shops, shop, uniq_pikel, uniq_natasha
D:5:      layout_cave_pools, lemuel_crystal_altar,
          minmay_temple_entry_glassed_door, nicolae_shop_i_like_small_books_too,
          uniq_duvessa
D:6:      layout_cave_pools, gup_sewer_entry_bowl, due_unseen_surprise,
          uniq_eustachio, uniq_grinder
D:7:      layout_rooms, mainiacjoe_overflow_cross_hatched
D:8:      kennysheep_blocky_room, layout_loops_ring,
          nicolae_overflow_hidden_temple
D:9:      layout_rooms, enter_bailey_5
D:10:     layout_irregular_city

Skill      XL: |  1  2  3  4  5  6  7  8  9 10 11 12 |
---------------+-------------------------------------+-----
Invocations    | 1 2 3 4 5 6 7 8 |  8.4
Short Blades   | 1 2 3 5 6 7 |  7.4
Axes           | 1 2 3 5 6 7 |  7.4
Maces & Flails | 1 2 3 5 6 7 |  7.4
Polearms       | 1 2 3 5 6 7 |  7.4
Staves         | 1 2 3 5 6 7 |  7.4
Ranged Weapons | 1 2 3 5 6 7 |  7.4
Throwing       | 1 2 3 5 6 7 |  7.4
Stealth        | 1 2 3 5 6 7 |  7.4
Shields        | 1 2 3 5 6 7 |  7.4
Unarmed Combat | 1 2 3 5 6 7 |  7.4
Spellcasting   | 1 2 3 5 6 7 |  7.4
Evocations     | 1 2 3 5 6 7 |  7.4
Shapeshifting  | 1 2 3 4 5 6 |  6.7
Conjurations   | 1 2 3 4 5 6 |  6.1
Hexes          | 1 2 3 4 5 6 |  6.1
Summonings     | 1 2 3 4 5 6 |  6.1
Necromancy     | 1 2 3 4 5 6 |  6.1
Translocations | 1 2 3 4 5 6 |  6.1
Fire Magic     | 1 2 3 4 5 6 |  6.1
Ice Magic      | 1 2 3 4 5 6 |  6.1
Air Magic      | 1 2 3 4 5 6 |  6.1
Earth Magic    | 1 2 3 4 5 6 |  6.1
Alchemy        | 1 2 3 4 5 6 |  6.1
Dodging        | 3 4 5 6 7 |  7.9
Armour         | 5 6 7 8 |  8.8
Fighting       | 7 8 9 10 | 10.0
Long Blades    | 7 8 9 10 | 10.0

Action                     |  1- 3 |  4- 6 |  7- 9 | 10-12 || total
---------------------------+-------+-------+-------+-------++-------
  Melee: Falchion          |   112 |   132 |    59 |       ||   303
         Bite              |     7 |    14 |    26 |    35 ||    82
         Hand axe          |       |       |   185 |   179 ||   364
         Lajatang          |       |       |       |    54 ||    54
         Short sword       |       |       |       |    50 ||    50
  Evoke: Wand              |       |       |     2 |    10 ||    12
    Use: Scroll            |       |    12 |     3 |    15 ||    30
         Potion            |       |       |       |     6 ||     6
   Stab: Sleeping          |     1 |     4 |     8 |     2 ||    15
         Paralysed         |       |     1 |     2 |       ||     3
         Distracted        |       |       |     1 |       ||     1
 Armour: Leather armour    |    73 |   105 |    51 |       ||   229
         Robe              |       |       |   193 |   243 ||   436
  Dodge: Dodged            |    92 |    73 |   217 |   337 ||   719

Table legend: (Time is in decaauts)
 A = Elapsed time spent in this place.
 B = Non-inter-level travel time spent in this place.
 C = Inter-level travel time spent in this place.
 D = Time resting spent in this place.
 E = Time spent auto-exploring this place.
 F = Levels seen in this place.
 G = Mean time per level.
                   A        B        C        D        E       F      G
               +--------+--------+--------+--------+--------+-----+--------+
         Total |   8795 |   8533 |    262 |   1521 |   4440 |  12 |  732.9 |
       Dungeon |   6952 |   6690 |    262 |    784 |   4014 |  10 |  695.2 |
         Sewer |    310 |    310 |      0 |      0 |     10 |   1 |  310.0 |
        Bailey |   1532 |   1532 |      0 |    737 |    416 |   1 | 1532.0 |
               +--------+--------+--------+--------+--------+-----+--------+

Top non-repeatable levels by time:
  Bailey: 1532 daAuts
     D:8: 1373 daAuts
     D:1: 1058 daAuts
     D:3: 1055 daAuts
     D:9: 783 daAuts
     D:6: 719 daAuts
     D:7: 615 daAuts
     D:2: 549 daAuts
     D:4: 372 daAuts
   Sewer: 310 daAuts
    D:10: 248 daAuts
     D:5: 175 daAuts
